 Dungeon Crawl Stone Soup version 0.21.0-24-g2553a3340b (webtiles) character file.

1867823 8fpsbossfight the Deadly Accurate (level 27, 283/283 HPs)
             Began as a Troll Hunter on Jan 8, 2018.
             Was a High Priest of Okawaru.
             Escaped with the Orb
             ... and 3 runes on Jan 21, 2018!
             The game lasted 03:36:00 (59759 turns).

8fpsbossfight the Deadly Accurate (Troll Hunter)   Turns: 59759, Time: 03:36:00

Health: 283/283    AC: 27    Str: 39      XL:     27
Magic:  29/29      EV: 11    Int:  8      God:    Okawaru [*****.]
Gold:   2666       SH: 31    Dex: 11 (12) Spells: 24/36 levels left

rFire    + + +     SeeInvis +     - Unarmed
rCold    + + .     Gourm    +   G - +8 large shield {reflect}
rNeg     + + +     Faith    .   b - +7 storm dragon scales of Plog {rElec rC+ MR+ Slay+2}
rPois    .         Spirit   .   D - +1 hat of Xavvin {*Contam rN+++ SInv}
rElec    +         Reflect  +   k - scarf {rC+ rF+}
rCorr    +         Harm     .   (gloves unavailable)
MR       +++++                  (boots unavailable)
Stlth    ..........             J - amulet of Izaizul {MR+ Regen+ Dex+2 Slay+3}
HPRegen  1.37/turn              M - ring "Fekudi" {MR+ Str+4 Int+5}
MPRegen  0.21/turn              K - ring of Ceciabag {rCorr rF++ rN++ MR+ Int-4}

@: no status effects
A: large, unfitting armour, claws 3, deterioration 1, fast metabolism 3,
gourmand, regeneration 1, shaggy fur 1, tough skin 2, weak 1
0: Orb of Zot
}: 3/15 runes: serpentine, barnacled, silver
a: Heroism, Finesse, Renounce Religion


You escaped.
You worshipped Okawaru.
Okawaru was extremely pleased with you.
You were not hungry.

You visited 11 branches of the dungeon, and saw 52 of its levels.
You visited 2 bazaars.
You also visited: Labyrinth and Trove.

You collected 7312 gold pieces.
You spent 4646 gold pieces at shops.

Inventory:

Hand Weapons
 z - a +0 long sword
   (You took it off a draconian annihilator on level 3 of the Realm of Zot)
Missiles
 B - 12 throwing nets {!f}
 T - 145 large rocks (quivered)
Armour
 b - the +7 storm dragon scales of Plog (worn) {rElec rC+ MR+ Slay+2}
   (Okawaru gifted it to you on level 4 of the Lair of Beasts)

   It affects your accuracy and damage with ranged weapons and melee attacks
   (+2).
   It protects you from cold.
   It insulates you from electricity.
   It affects your resistance to hostile enchantments.
 k - a scarf of resistance (worn)
   (You found it on level 2 of the Snake Pit)
 t - a +1 cloak
   (You took it off a draconian knight on level 3 of the Realm of Zot)
 w - a +2 cloak
   (You took it off a draconian annihilator on level 3 of the Realm of Zot)
 D - the +1 hat of Xavvin (worn) {*Contam rN+++ SInv}
   (Okawaru gifted it to you on level 4 of the Snake Pit)

   It renders you almost immune to negative energy.
   It lets you see invisible.
   It causes magical contamination when unequipped.
 G - a +8 large shield of reflection (worn)
   (You found it on level 4 of the Depths)
Jewellery
 J - the amulet of Izaizul (around neck) {MR+ Regen+ Dex+2 Slay+3}
   (You acquired it on level 3 of the Shoals)

   [amulet of regeneration]

   It affects your dexterity (+2).
   It affects your accuracy and damage with ranged weapons and melee attacks
   (+3).
   It affects your resistance to hostile enchantments.
   It increases your rate of regeneration.
 K - the ring of Ceciabag (right claw) {rCorr rF++ rN++ MR+ Int-4}
   (You found it on level 3 of the Depths)

   [ring of resist corrosion]

   It affects your intelligence (-4).
   It greatly protects you from fire.
   It greatly protects you from negative energy.
   It affects your resistance to hostile enchantments.
 M - the ring "Fekudi" (left claw) {MR+ Str+4 Int+5}
   (You took it off a tengu reaver on level 3 of the Crypt)

   [ring of strength]

   It affects your strength (+4).
   It affects your intelligence (+5).
   It affects your resistance to hostile enchantments.
Wands
 c - a wand of disintegration (42)
   (You found it in a labyrinth)
 d - a wand of iceblast (67)
   (You found it on level 4 of the Dungeon)
 u - a wand of paralysis (22)
   (You found it on level 4 of the Snake Pit)
 v - a wand of digging (48)
   (You found it on level 9 of the Dungeon)
 x - a wand of acid (30)
   (You bought it in a shop on level 2 of the Orcish Mines)
 y - a wand of clouds (6)
   (You found it on level 6 of the Dungeon)
 C - a wand of enslavement (12)
   (You found it on level 3 of the Snake Pit)
 Q - a wand of polymorph (52)
   (You found it on level 7 of the Dungeon)
Scrolls
 f - 21 scrolls of teleportation {@r4}
 i - a scroll of identify {@r1}
 m - a scroll of magic mapping
 n - 2 scrolls of immolation {!r}
 o - 22 scrolls of remove curse {@r2}
 s - 7 scrolls of vulnerability {!r}
 A - 6 scrolls of holy word
 O - 10 scrolls of fog
 P - 3 scrolls of silence
Potions
 a - 11 potions of might
 h - 6 potions of heal wounds {@q2}
 j - 10 potions of magic
 l - 29 potions of curing {@q1}
 p - 7 potions of berserk rage
 q - 5 potions of haste {@q3}
 r - 14 potions of flight
 E - 13 potions of brilliance
 F - 12 potions of lignification {!q}
 H - 8 potions of ambrosia
 I - 3 potions of cancellation
 R - 3 potions of invisibility
 S - 4 potions of agility
 V - 4 potions of resistance
 Z - 4 potions of mutation {!q}
Comestibles
 e - 74 rations


   Skills:
 + Level 18.2 Fighting
 * Level 20.1 Throwing
 - Level 15.0 Armour
 - Level 8.3 Dodging
 - Level 0.3 Stealth
 - Level 15.0 Shields
 + Level 19.8 Unarmed Combat
 - Level 5.0 Spellcasting
 - Level 7.4 Hexes
 - Level 9.7 Necromancy
 - Level 8.2 Translocations
 - Level 10.5 Earth Magic
 - Level 10.0 Invocations
 - Level 6.0 Evocations


You had 24 spell levels left.
You knew the following spells:

 Your Spells              Type           Power        Failure   Level  Hunger
a - Portal Projectile     Hex/Tloc       ##....       8%          3    ###....
b - Borgnjor's Vile Clut  Necr/Erth      ###.......   26%         5    ######.
c - Apportation           Tloc           ###...       2%          1    #......
e - Regeneration          Chrm/Necr      #.........   26%         3    ###....


Dungeon Overview and Level Annotations

Branches:
Dungeon (15/15)            Temple (1/1) D:7            Lair (6/6) D:8
 Shoals (4/4) Lair:2        Snake (4/4) Lair:4        Slime (0/5) Lair:5
    Orc (2/2) D:11            Elf (2/3) Orc:2        Vaults (5/5) D:14
  Crypt (3/3) Vaults:3       Tomb (0/3) Crypt:3      Depths (5/5) D:15
    Zot (5/5) Depths:5

Altars:
Ashenzari
Cheibriados
Dithmenos
Elyvilon
Fedhas
Gozag
Hepliaklqana
Kikubaaqudgha
Makhleb
Nemelex Xobeh
Okawaru
Qazlal
Ru
Sif Muna
Trog
Uskayaw
Vehumet
Wu Jian
Xom
Yredelemnul
Zin
The Shining One
Beogh
Jiyva

Shops:
D:6 (   D:8 *   D:10 ?   Orc:2 [}!:   Shoals:1 !   Vaults:1 *[=   Vaults:2 *
Depths:1 *([   Depths:2 [   Depths:5 :

Portals:
Hell: Depths:1 Depths:2 Depths:3 Depths:4 Depths:5
Abyss: Depths:2
Pandemonium: Depths:3 Depths:4
Ziggurat: Depths:5

Annotations:
D:4 1 runed door
Lair:2 exclusion: 3 lava snakes
Elf:2 5 runed doors


Innate Abilities, Weirdness & Mutations

You are too large for most types of armour.
You have claws for hands.
Your metabolism is lightning-fast.
You like to eat raw meat.
Your natural rate of healing is unusually fast.
You are covered in fur. (AC +1)
You have very tough skin. (AC +2)
Your body sometimes deteriorates upon taking damage.
You are weak. (Str -2)


Message History

You hear a grinding noise.
A pandemonium lord and a small abomination come into view.
You hear a grinding noise.
You hear a grinding noise.
There is an escape hatch in the ceiling here.
Really go through this one-way escape hatch?
A mysterious force pulls you upwards. The hatch slams shut behind you.
Level annotation: 1 runed door
(D) Dungeon (T) Temple (L) Lair (A) Shoals (P) Snake Pit (M) Slime Pits (O) Orcish Mines (E) Elven Halls (V) Vaults (C) Crypt (W) Tomb (U) Depths (H) Hell (Z) Zot
Where to? (Enter - D:1, ? - help)
A tormentor comes into view.
You can now deal lightning-fast blows.
The tormentor calls on the powers of darkness!
Your body is wracked with pain!
Your body deteriorates!
You feel clumsy.
You gain the combat prowess of a mighty hero.
Aim: a tormentor You throw a large rock.
The large rock hits the tormentor but does no damage.
Aim: a tormentor You throw a large rock.
The large rock hits the tormentor!!!!
You kill the tormentor!
Okawaru accepts your kill.
T - 144 large rocks (gained 1)
T - 145 large rocks (gained 1)
(D) Dungeon (T) Temple (L) Lair (A) Shoals (P) Snake Pit (M) Slime Pits (O) Orcish Mines (E) Elven Halls (V) Vaults (C) Crypt (W) Tomb (U) Depths (H) Hell (Z) Zot
Where to? (Enter - D:1, ? - help)
Your claws slow down.
You hear a grinding noise.
There is a stone staircase leading up here.
You climb upwards.
There is a stone staircase leading down here.
There is a stone staircase leading up here.
You climb upwards.
There is a stone staircase leading down here.
You feel like a meek peon again.
There is a stone staircase leading up here.
You climb upwards.
There is a stone staircase leading down here.
You see here a club.
There is a staircase leading out of the dungeon here.
You see here a +0 short sword.
You can't go down here!
You have escaped!

...#.#.##.##.##.##..#...#.#.###.#
...##.#..##..#...#..#.....#.....#
...######..#.#..##......#.#.#####
...#..##.####.##.#.###..#.###
...#.≈..≈≈.#.##.##.###.>#.#
.###.#..#.###.#..#.#...##.#
.####..≈#.#.≈###)#.#.#.##.#
...##..#.#.##.#..#.#.#....#
##.#.###.##≈.#.(@#.#.######
##.#.###.#########...# #.......#
##### #########


There were no monsters in sight!

Vanquished Creatures
  5 ancient liches
  4 orbs of fire (Zot:5)
  Khufu (Crypt:3)
  Mara (Depths:2)
  2 greater mummies (Crypt:3)
  Boris (Depths:5)
  Sojobo (Crypt:3)
  Bai Suzhen (Vaults:4)
  The ghost of NeonDemon the Brawler, an adept TrCK of Xom (Depths:1)
  5 caustic shrikes (Depths:5)
  2 curse toes
  4 Killer Klowns (Zot:5)
  Jory (Crypt:3)
  12 golden dragons
  2 bone dragons (Depths:5)
  3 electric golems
  11 tentacled monstrosities
  An Ice Fiend (D:15)
  30 Orb Guardians
  4 quicksilver dragons
  7 titans (Vaults:5)
  3 liches
  An Executioner (Zot:5)
  An eldritch tentacle (Elf:2)
  A kraken (Shoals:4)
  Frances (Shoals:1)
  An ancient champion (Crypt:2)
  5 death cobs
  3 sphinxes
  4 shadow dragons
  Kirke (D:13)
  8 revenants
  The ghost of kroki the Severer, an adept DsBe of Trog (Orc:2)
  7 nagarajas (Snake:4)
  8 tengu reavers
  3 draconian monks
  13 storm dragons
  Ilsuiw (Shoals:4)
  An iron dragon (Vaults:5)
  10 fire giants
  2 balrugs
  23 vault wardens
  3 draconian shifters
  3 ghost moths
  5 deep elf sorcerers
  14 frost giants
  Louise (Snake:3)
  3 draconian knights
  2 deep elf elementalists
  2 draconian scorchers
  A spriggan defender (Depths:3)
  17 ironheart preservers
  2 curse skulls
  25 stone giants
  3 draconian stormcallers
  20 very ugly things
  3 ghouls
  3 reapers
  3 draconian annihilators
  Nessos (Orc:2)
  22 vampire knights
  3 entropy weavers (Lair:4)
  11 spark wasps
  7 black draconians
  3 green draconians
  2 deep elf demonologists (Vaults:1)
  A lorocyproca (Depths:3)
  5 yellow draconians
  The ghost of SnubMonkey the Grappler, a journeyman TrMo of Makhleb (Lair:4)
  6 purple draconians
  6 white draconians
  6 red draconians
  A blizzard demon (D:9)
  4 eidola
  4 merfolk javelineers
  22 ettins
  2 deep elf death magi
  A minotaur (Lab)
  A quicksilver dragon zombie (Crypt:1)
  5 merfolk impalers
  A mummy priest (Crypt:2)
  An ettin (shapeshifter) (Vaults:5)
  A crystal guardian (Vaults:3)
  3 deep elf high priests
  8 rakshasas
  18 fire dragons
  9 great orbs of eyes
  19 yaktaur captains
  45 vault guards
  13 jiangshi
  14 naga warriors
  A juggernaut simulacrum (Depths:2)
  10 ice dragons
  A hydra (Lair:5)
  A hydra (shapeshifter) (Depths:3)
  5 spriggan air magi
  2 ghost crabs (Lair:4)
  Erica (D:9)
  16 anacondas
  An anaconda (shapeshifter) (Vaults:5)
  A merfolk avatar (Shoals:4)
  13 dancing weapons
  36 two-headed ogres
  3 satyrs
  4 death knights
  5 merfolk aquamancers
  10 centaur warriors
  5 deep troll shamans
  5 catoblepae
  9 tengu warriors
  16 ogre magi
  3 deep troll earth magi
  12 death yaks
  3 orc high priests (Orc:2)
  A queen ant (Lair:2)
  11 naga sharpshooters
  A soul eater (Crypt:3)
  6 shock serpents
  Urug (D:10)
  5 spriggan berserkers
  8 deep elf knights
  12 vampire magi
  Nergalle (Lair:2)
  2 sun demons (Depths:4)
  6 storm dragon zombies (Crypt:3)
  2 shadow wraiths
  15 hell knights
  5 fire crabs (Lair:4)
  An iron troll (Depths:3)
  A ghost moth zombie (Crypt:1)
  28 skeletal warriors
  7 sea snakes
  A fire crab (shapeshifter) (Depths:4)
  5 salamander mystics
  A deep troll (shapeshifter) (Vaults:5)
  10 deep trolls
  5 unseen horrors
  7 flayed ghosts
  14 naga ritualists
  A swamp dragon (shapeshifter) (Vaults:5)
  A storm dragon skeleton (Crypt:1)
  An anaconda skeleton (Crypt:1)
  2 anaconda zombies (Crypt:3)
  8 wizards
  4 golden dragon zombies (Crypt:3)
  An obsidian statue (Zot:5)
  2 glowing orange brains
  15 phantasmal warriors
  11 deep elf archers
  A lindwurm (Lair:4)
  15 ironbrand convokers
  22 harpies
  2 shadow dragon zombies
  3 fire giant zombies
  5 wolf spiders
  13 necromancers
  13 orc knights
  24 deep elf magi
  4 orc sorcerers
  An iron dragon zombie (Depths:4)
  An orange crystal statue (Depths:3)
  9 cyclopes
  21 mana vipers
  2 cyclopes (shapeshifter)
  13 manticores
  19 fauns
  14 salamanders
  49 ugly things
  A sphinx skeleton (Depths:2)
  A frost giant zombie (Crypt:2)
  3 centaur zombies
  16 moths of wrath
  A frost giant skeleton (Crypt:1)
  Maurice (D:11)
  A molten gargoyle (Lair:2)
  5 rust devils
  2 moths of wrath (shapeshifter)
  9 elephants
  An apocalypse crab (Lair:4)
  3 guardian serpents
  42 black mambas
  7 merfolk sirens
  A shock serpent zombie (Crypt:3)
  A fire giant skeleton (Crypt:3)
  6 spiny frogs
  A torpor snail (Lair:5)
  14 vault sentinels
  4 smoke demons
  20 naga magi
  8 water nymphs
  A hellion (Zot:5)
  A spiny frog (shapeshifter) (Depths:1)
  2 centaur skeletons
  2 kobold demonologists
  A rime drake (shapeshifter) (Elf:2)
  2 dire elephant skeletons
  5 ice devils
  6 komodo dragons
  48 yaktaurs
  A tormentor (D:4)
  A white draconian zombie (Crypt:2)
  A death yak zombie (Crypt:1)
  A komodo dragon (shapeshifter) (Vaults:5)
  7 hellwings
  A green draconian skeleton (Crypt:2)
  5 guardian mummies (Crypt:3)
  A sea snake skeleton (Crypt:2)
  12 freezing wraiths
  2 spectral deep trolls (Crypt:1)
  5 red devils
  7 tengu conjurers
  A catoblepas skeleton (Crypt:1)
  A jumping spider (Elf:2)
  A polar bear (shapeshifter) (Elf:1)
  20 merfolk
  A death yak skeleton (Crypt:1)
  2 polar bears (D:11)
  A meliai (shapeshifter) (Vaults:2)
  8 trolls
  A jumping spider (shapeshifter) (D:15)
  4 wind drakes
  Prince Ribbit (D:7)
  9 hornets
  8 snapping turtles
  A sphinx simulacrum (Depths:2)
  A bog body (Crypt:1)
  27 slime creatures
  An ice dragon zombie (Crypt:3)
  20 blink frogs
  A hydra skeleton (Crypt:3)
  An iron dragon simulacrum (Crypt:1)
  9 dream sheep
  A fire giant simulacrum (Depths:4)
  2 redbacks (shapeshifter)
  12 hippogriffs
  10 air elementals
  A wind drake zombie (Crypt:1)
  19 water elementals
  2 centaur simulacra
  19 vampires
  6 wraiths
  3 spriggans (Depths:5)
  An ettin skeleton (Crypt:2)
  5 wyverns
  10 redbacks
  2 shadows (Lab)
  3 hogs
  39 yaks
  3 hungry ghosts
  3 basilisks
  A basilisk (shapeshifter) (Vaults:4)
  A human (shapeshifter) (D:15)
  A neqoxec (D:9)
  50 nagas
  2 spatial vortices (Elf:2)
  16 wargs
  A human zombie (Depths:4)
  16 water moccasins
  An insubstantial wisp (Elf:2)
  2 acid dragons (Vaults:2)
  A merfolk zombie (Crypt:2)
  16 soldier ants
  A torturous demonspawn skeleton (Crypt:2)
  A floating eye (shapeshifter) (Vaults:4)
  4 hell hounds (D:11)
  A two-headed ogre skeleton (Crypt:1)
  7 porcupines
  3 sky beasts
  A spiny frog skeleton (Crypt:3)
  A human skeleton (Depths:4)
  33 orc warriors
  4 ice beasts
  A snapping turtle zombie (Crypt:3)
  A hornet zombie (D:14)
  An eye of draining (shapeshifter) (Vaults:3)
  2 black bears (shapeshifter)
  41 ogres
  5 black bears
  2 necrophages
  5 boggarts
  2 phantoms
  9 wolves
  20 centaurs
  A snapping turtle skeleton (Crypt:2)
  A dream sheep skeleton (Crypt:3)
  10 crocodiles
  3 big kobolds
  2 wyvern zombies
  A hippogriff zombie (Crypt:2)
  26 bullfrogs
  3 wyvern skeletons
  7 scorpions
  A swamp dragon simulacrum (Crypt:3)
  A spriggan zombie (Crypt:2)
  23 killer bees
  7 wights
  7 crimson imps
  3 quasits
  3 bullfrog zombies
  2 lava snakes (Lair:2)
  A bullfrog skeleton (D:4)
  A hound (shapeshifter) (Vaults:5)
  5 jellies
  18 orc priests
  4 hounds
  29 orc wizards
  A gnoll shaman (D:9)
  3 iron imps
  A black bear skeleton (Crypt:3)
  5 iguanas
  43 worker ants
  A porcupine skeleton (Crypt:3)
  A demigod zombie (Crypt:2)
  A naga skeleton (Crypt:3)
  A big kobold skeleton (Crypt:3)
  An ogre skeleton (Crypt:3)
  2 hound zombies
  3 hound skeletons
  8 mummies (Crypt:3)
  2 worker ant zombies
  Robin (D:3)
  5 gnolls (D:9)
  12 adders
  11 shadow imps
  A white imp (Depths:3)
  2 ufetubi (Depths:3)
  An ooze (D:2)
  An adder skeleton (D:6)
  6 worms
  2 dart slugs (D:1)
  5 leopard geckos
  91 orcs
  7 ball pythons
  12 bats
  A bat skeleton (Crypt:1)
  8 giant cockroaches
  13 hobgoblins
  8 jackals
  A quokka (D:5)
  2 frilled lizards
  24 goblins
  25 kobolds
  A kobold skeleton (Crypt:1)
  3 quokka skeletons
  A quokka zombie (D:6)
  5 rats
  12 plants
  5 tentacles (Shoals:4)
2420 creatures vanquished.

Vanquished Creatures (collateral kills)
  A titan (Vaults:5)
  A draconian scorcher (Zot:4)
  A draconian stormcaller (Zot:4)
  A draconian shifter (Zot:4)
  2 jiangshi (Depths:2)
  A naga warrior (Snake:1)
  An anaconda (Snake:1)
  A naga ritualist (Snake:1)
  2 mana vipers (Snake:1)
  2 black mambas (Snake:1)
  A merfolk (Shoals:3)
  3 water elementals (Shoals:3)
  2 nagas (Snake:1)
19 creatures vanquished.

Vanquished Creatures (others)
  2 stone giants
  A jiangshi (Depths:2)
  3 yaktaur captains (Vaults:5)
  An ogre mage (Vaults:3)
  A two-headed ogre (D:15)
  A sun demon (Zot:5)
  An ironbrand convoker (Vaults:3)
  3 deep elf magi
  An orc sorcerer (Orc:2)
  4 yaktaurs
  A freezing wraith (Vaults:3)
  An air elemental (Depths:4)
  A yak (Lair:6)
  A neqoxec (Zot:5)
  3 ogres (Vaults:3)
  A crimson imp (Depths:3)
  An orc wizard (Orc:2)
  An orc (D:15)
  7 fungi
  45 plants
  13 tentacles (Shoals:4)
93 creatures vanquished.

Grand Total: 2532 creatures vanquished

Notes
Turn   | Place    | Note
-------+----------+-------------------------------------------
     0 | D:1      | 8fpsbossfight the Troll Hunter began the quest for the Orb.
     0 | D:1      | Reached XP level 1. HP: 19/19 MP: 0/0
   184 | D:1      | Reached XP level 2. HP: 21/28 MP: 1/1
   232 | D:1      | Reached skill level 1 in Unarmed Combat
   439 | D:1      | Reached skill level 4 in Throwing
   516 | D:1      | Reached XP level 3. HP: 29/35 MP: 2/2
  1067 | D:2      | Reached XP level 4. HP: 37/42 MP: 3/3
  1397 | D:2      | Upgraded the game from 0.21.0 to 0.21.0-3-g78d12a8bdd
  1533 | D:3      | Reached XP level 5. HP: 42/50 MP: 4/4
  1709 | D:3      | Noticed Robin
  1733 | D:3      | Killed Robin
  2541 | D:4      | Reached skill level 5 in Throwing
  2599 | D:4      | Noticed an ogre
  2603 | D:4      | Reached XP level 6. HP: 55/59 MP: 5/5
  2688 | D:4      | Found a runed door.
  3035 | D:4      | Reached XP level 7. HP: 46/67 MP: 6/6
  3502 | D:5      | Entered Level 5 of the Dungeon
  3611 | D:5      | Learned a level 1 spell: Apportation
  3626 | D:5      | Reached skill level 6 in Throwing
  3646 | D:5      | Reached skill level 5 in Unarmed Combat
  3826 | D:5      | Noticed a troll
  3831 | D:5      | Killed a troll
  3831 | D:5      | Reached XP level 8. HP: 75/76 MP: 7/7
  4655 | D:6      | Reached skill level 7 in Throwing
  4751 | D:6      | Got a shimmering shield
  4765 | D:6      | Identified the +0 shield of the Crown {rF++} (You found it on level 6 of the Dungeon)
  4815 | D:6      | Found a hide-covered altar of Uskayaw.
  5125 | D:6      | Reached XP level 9. HP: 85/85 MP: 8/8
  5143 | D:6      | Found Funac's Weapon Emporium.
  5428 | D:7      | Reached skill level 1 in Shields
  5431 | D:7      | Found a staircase to the Ecumenical Temple.
  5471 | Temple   | Entered the Ecumenical Temple
  5570 | Temple   | Became a worshipper of Warmaster Okawaru
  5643 | D:7      | Noticed Prince Ribbit
  5650 | D:7      | Killed Prince Ribbit
  5689 | D:7      | Reached * piety under Okawaru
  5770 | D:7      | Reached skill level 8 in Throwing
  5802 | D:7      | Noticed a white ugly thing
  5805 | D:7      | Killed a white ugly thing
  5820 | D:7      | Reached skill level 5 in Fighting
  5835 | D:7      | Reached ** piety under Okawaru
  7171 | D:8      | Reached XP level 10. HP: 96/96 MP: 9/9
  7232 | D:8      | Found a staircase to the Lair.
  7251 | D:8      | Reached skill level 9 in Throwing
  7487 | D:8      | Found Xaywka's General Store.
  7582 | D:8      | Noticed a two-headed ogre
  7584 | D:8      | Killed a two-headed ogre
  7624 | D:8      | Reached skill level 1 in Armour
  7819 | D:9      | Reached *** piety under Okawaru
  8049 | D:9      | Noticed Erica
  8055 | D:9      | Killed Erica
  8209 | D:9      | Noticed a cyclops
  8213 | D:9      | Killed a cyclops
  8564 | D:10     | Entered Level 10 of the Dungeon
  8671 | D:10     | Received a gift from Okawaru
  8714 | D:10     | Found Hasmeser's Magic Scroll Emporium.
  8745 | D:10     | Killed an unseen horror
  8745 | D:10     | Reached **** piety under Okawaru
  8745 | D:10     | Reached skill level 10 in Throwing
  8745 | D:10     | Reached skill level 10 in Unarmed Combat
  8745 | D:10     | Reached XP level 11. HP: 59/105 MP: 10/10
  8896 | D:10     | Killed an unseen horror
  8896 | D:10     | Received a gift from Okawaru
  9124 | D:10     | Noticed Urug
  9142 | D:10     | Killed Urug
  9603 | Lair:1   | Entered Level 1 of the Lair of Beasts
  9920 | Lair:1   | Reached skill level 5 in Dodging
 10133 | Lair:1   | Reached ***** piety under Okawaru
 10453 | Lair:1   | Received a gift from Okawaru
 10730 | Lair:2   | Found a staircase to the Shoals.
 10797 | Lair:2   | Noticed Nergalle
 10828 | Lair:2   | Killed Nergalle
 10828 | Lair:2   | Received a gift from Okawaru
 10946 | Lair:2   | Reached skill level 5 in Shields
 11089 | Lair:2   | Reached XP level 12. HP: 112/115 MP: 8/11
 11149 | Lair:2   | Noticed a queen ant
 11171 | Lair:2   | Killed a queen ant
 11171 | Lair:2   | Reached skill level 5 in Armour
 11221 | Lair:2   | Reached skill level 1 in Invocations
 11262 | Lair:2   | Received a gift from Okawaru
 11708 | Lair:2   | Received a gift from Okawaru
 11708 | Lair:2   | Reached skill level 1 in Evocations
 12384 | Lair:3   | Received a gift from Okawaru
 12393 | Lair:3   | Got a colourful robe {god gift}
 12404 | Lair:3   | Identified the +0 robe of Leaves {Dex+4} (Okawaru gifted it to you on level 3 of the Lair of Beasts)
 12673 | Lair:3   | Reached ****** piety under Okawaru
 12749 | Lair:3   | Noticed a catoblepas
 12756 | Lair:3   | Killed a catoblepas
 12969 | Lair:4   | Found a staircase to the Snake Pit.
 13518 | Lair:4   | Reached XP level 13. HP: 127/127 MP: 14/14
 13932 | Lair:4   | Found a runed door.
 14066 | Lair:4   | Noticed SnubMonkey's ghost (journeyman TrMo)
 14079 | Lair:4   | Received a gift from Okawaru
 14082 | Lair:4   | Killed SnubMonkey's ghost
 14094 | Lair:4   | Got warped storm dragon scales {god gift}
 14098 | Lair:4   | Identified the +7 storm dragon scales of Plog {rElec rC+ MR+ Slay+2} (Okawaru gifted it to you on level 4 of the Lair of Beasts)
 14151 | Lair:4   | Noticed an entropy weaver
 14154 | Lair:4   | Killed an entropy weaver
 14215 | Lair:4   | Noticed an entropy weaver
 14222 | Lair:4   | Killed an entropy weaver
 14249 | Lair:4   | Noticed an entropy weaver
 14253 | Lair:4   | Killed an entropy weaver
 14495 | Lair:5   | Found a viscous altar of Jiyva.
 14495 | Lair:5   | Found a staircase to the Slime Pits.
 14759 | Lair:5   | Received a gift from Okawaru
 15135 | Lair:6   | Entered Level 6 of the Lair of Beasts
 15189 | Lair:6   | Found a labyrinth entrance.
 15196 | Lair:6   | Got a colourful robe
 15200 | Lab      | Entered a labyrinth
 15777 | Lab      | Noticed a minotaur
 15786 | Lab      | Killed a minotaur
 15817 | Lair:6   | Received a gift from Okawaru
 15951 | Lair:6   | Reached XP level 14. HP: 131/137 MP: 16/16
 16347 | Lair:6   | Reached skill level 5 in Invocations
 16470 | Lair:6   | Received a gift from Okawaru
 16647 | Lair:6   | Reached skill level 5 in Evocations
 17117 | D:11     | Found a staircase to the Orcish Mines.
 17686 | D:11     | Found a huge runed gate.
 17687 | D:11     | Found a huge runed gate.
 17688 | D:11     | Found a huge runed gate.
 17689 | D:11     | Found a huge runed gate.
 17764 | D:11     | Received a gift from Okawaru
 17984 | D:12     | Noticed Maurice
 18000 | D:11     | Killed Maurice
 18559 | D:12     | Learned a level 3 spell: Regeneration
 18827 | Orc:1    | Entered Level 1 of the Orcish Mines
 18926 | Orc:2    | Entered Level 2 of the Orcish Mines
 19011 | Orc:2    | Noticed kroki's ghost (adept DsBe)
 19028 | Orc:2    | Killed kroki's ghost
 19028 | Orc:2    | Received a gift from Okawaru
 19061 | Orc:2    | Noticed Nessos
 19067 | Orc:2    | Killed Nessos
 19586 | Orc:1    | Reached XP level 15. HP: 128/149 MP: 20/20
 19798 | Orc:1    | Found a roughly hewn altar of Beogh.
 20215 | Orc:2    | Received a gift from Okawaru
 20282 | Orc:2    | Found Edigyet's Gadget Emporium.
 20282 | Orc:2    | Found Zeiplukao's Armour Boutique.
 20303 | Orc:2    | Found Lual's Book Emporium.
 20303 | Orc:2    | Found Coanompeno's Distillery.
 20340 | Orc:2    | Bought a potion of ambrosia for 80 gold pieces
 20340 | Orc:2    | Bought a potion of agility for 40 gold pieces
 20340 | Orc:2    | Bought a potion of heal wounds for 50 gold pieces
 20340 | Orc:2    | Bought a potion of curing for 30 gold pieces
 20340 | Orc:2    | Bought 3 potions of berserk rage for 150 gold pieces
 20340 | Orc:2    | Bought 2 potions of curing for 60 gold pieces
 20340 | Orc:2    | Bought a potion of curing for 30 gold pieces
 20340 | Orc:2    | Bought a potion of brilliance for 40 gold pieces
 20340 | Orc:2    | Bought a potion of brilliance for 40 gold pieces
 20343 | Orc:2    | Bought a wand of polymorph (6) for 104 gold pieces
 20343 | Orc:2    | Bought a wand of acid (5) for 234 gold pieces
 20474 | Orc:2    | Found a staircase to the Elven Halls.
 20794 | D:13     | Reached skill level 10 in Fighting
 20930 | D:13     | Received a gift from Okawaru
 21022 | D:13     | Noticed Kirke
 21031 | D:13     | Killed Kirke
 21662 | D:14     | Found a gate to the Vaults.
 21676 | D:14     | Reached skill level 10 in Invocations
 21732 | D:14     | Received a gift from Okawaru
 22582 | D:15     | Entered Level 15 of the Dungeon
 22723 | D:15     | Got a dull robe
 22871 | D:15     | Reached skill level 11 in Throwing
 22890 | D:15     | Received a gift from Okawaru
 22975 | D:15     | Found a portal to a secret trove of treasure.
 23128 | Trove    | Entered a treasure trove
 23204 | Trove    | Reached XP level 16. HP: 159/159 MP: 22/22
 23622 | D:15     | Found a staircase to the Depths.
 23961 | Snake:1  | Entered Level 1 of the Snake Pit
 24190 | Snake:1  | Found a runed gate.
 24190 | Snake:1  | Found a runed gate.
 24191 | Snake:1  | Found a runed gate.
 24473 | Snake:1  | Received a gift from Okawaru
 24487 | Snake:1  | Reached XP level 17. HP: 123/169 MP: 13/23
 24969 | Snake:1  | Reached skill level 12 in Throwing
 25177 | Snake:2  | Upgraded the game from 0.21.0-3-g78d12a8bdd to 0.21.0-24-g2553a3340b
 25660 | Snake:2  | Received a gift from Okawaru
 26601 | Snake:3  | Found a glowing silver altar of Zin.
 26810 | Snake:3  | Received a gift from Okawaru
 27005 | Snake:3  | Noticed Louise
 27017 | Snake:3  | Killed Louise
 27104 | Snake:3  | Received a gift from Okawaru
 27107 | Snake:3  | Reached skill level 13 in Throwing
 27517 | Snake:3  | Received a gift from Okawaru
 28010 | Shoals:1 | Entered Level 1 of the Shoals
 28096 | Shoals:1 | Received a gift from Okawaru
 28276 | Shoals:1 | Noticed Frances
 28303 | Shoals:1 | Killed Frances
 28303 | Shoals:1 | Received a gift from Okawaru
 28465 | Shoals:1 | Found Xysmah's Distillery.
 28484 | Shoals:1 | Bought a potion of haste for 140 gold pieces
 28484 | Shoals:1 | Bought a potion of heal wounds for 70 gold pieces
 28484 | Shoals:1 | Bought a potion of haste for 140 gold pieces
 28484 | Shoals:1 | Bought a potion of heal wounds for 70 gold pieces
 28484 | Shoals:1 | Bought a potion of might for 56 gold pieces
 28484 | Shoals:1 | Bought a potion of heal wounds for 70 gold pieces
 28502 | Shoals:1 | Identified a scroll of acquirement
 28504 | Shoals:1 | Got a translucent hat
 28510 | Shoals:1 | Identified the +2 hat of Too Many Cooks {rC+ Str+2 Slay+2} (You acquired it on level 1 of the Shoals)
 29265 | Shoals:2 | Received a gift from Okawaru
 29926 | Shoals:3 | Received a gift from Okawaru
 29981 | Shoals:3 | Reached XP level 18. HP: 182/182 MP: 24/24
 30087 | Shoals:3 | Found a gateway to a bazaar.
 30098 | Bazaar   | Entered a bazaar
 30098 | Bazaar   | Found Nilliret's Weapon Shoppe.
 30098 | Bazaar   | Found Palyt's Magic Scroll Shop.
 30098 | Bazaar   | Found Uziaforr's Magic Scroll Shoppe.
 30100 | Bazaar   | Found Atteleysmy's General Store.
 30100 | Bazaar   | Found Rerphizosh's Antique Armour Emporium.
 30129 | Bazaar   | Bought a scroll of identify for 32 gold pieces
 30141 | Bazaar   | Bought a potion of invisibility for 96 gold pieces
 30145 | Bazaar   | Bought a scroll of summoning for 133 gold pieces
 30145 | Bazaar   | Bought a scroll of acquirement for 728 gold pieces
 30145 | Bazaar   | Bought a scroll of enchant weapon for 105 gold pieces
 30145 | Bazaar   | Bought a scroll of enchant armour for 105 gold pieces
 30207 | Shoals:3 | Received a gift from Okawaru
 30223 | Shoals:3 | Got a crude diamond amulet
 30227 | Shoals:3 | Identified the amulet of Izaizul {MR+ Regen+ Dex+2 Slay+3} (You acquired it on level 3 of the Shoals)
 30958 | Shoals:4 | Entered Level 4 of the Shoals
 31407 | Shoals:4 | Reached skill level 15 in Unarmed Combat
 31409 | Shoals:4 | Got a glittering tin ring
 31604 | Shoals:4 | Got a barnacled rune of Zot
 31652 | Shoals:4 | Received a gift from Okawaru
 31864 | Shoals:4 | Noticed Ilsuiw
 31907 | Shoals:4 | Killed Ilsuiw
 31907 | Shoals:4 | Received a gift from Okawaru
 31949 | Shoals:4 | Identified the Grimoire of Envenoming and Talismans
 33016 | Snake:3  | Identified the ring "Teguuh" {rF+ Int+5 Dex-3} (You found it on level 4 of the Shoals)
 33023 | Snake:4  | Entered Level 4 of the Snake Pit
 33046 | Snake:4  | Received a gift from Okawaru
 33103 | Snake:4  | Found a shimmering altar of Xom.
 33160 | Snake:4  | Received a gift from Okawaru
 33284 | Snake:4  | Received a gift from Okawaru
 33300 | Snake:4  | Reached skill level 14 in Throwing
 33622 | Snake:4  | Received a gift from Okawaru
 33843 | Snake:4  | Received a gift from Okawaru
 33843 | Snake:4  | Reached skill level 10 in Armour
 33857 | Snake:4  | Reached XP level 19. HP: 187/192 MP: 22/25
 33957 | Snake:4  | Received a gift from Okawaru
 34096 | Snake:4  | Got a pitted hat {god gift}
 34421 | Snake:4  | Got a serpentine rune of Zot
 34787 | Elf:1    | Entered Level 1 of the Elven Halls
 35382 | Elf:1    | Identified the +1 hat of Xavvin {*Contam rN+++ SInv} (Okawaru gifted it to you on level 4 of the Snake Pit)
 35781 | Elf:2    | Identified the Catalogue of the Traveller
 35930 | Elf:2    | Found a huge runed gate.
 35930 | Elf:2    | Found a huge runed gate.
 35930 | Elf:2    | Found a huge runed gate.
 35930 | Elf:2    | Found a huge runed gate.
 35932 | Elf:2    | Found a huge runed gate.
 36178 | Elf:2    | Received a gift from Okawaru
 36513 | Vaults:1 | Entered Level 1 of the Vaults
 36528 | Vaults:1 | Found Oddyatiz's Antique Armour Emporium.
 36604 | Vaults:1 | Received a gift from Okawaru
 36623 | Vaults:1 | Found Riri's Assorted Antiques.
 36636 | Vaults:1 | Found Vuovim's Jewellery Emporium.
 37026 | Vaults:1 | Reached skill level 15 in Throwing
 37479 | Vaults:1 | Reached XP level 20. HP: 198/205 MP: 26/26
 37557 | Vaults:1 | Received a gift from Okawaru
 38883 | Vaults:2 | Found Cotai's Assorted Antiques.
 39355 | Vaults:2 | Received a gift from Okawaru
 39809 | Vaults:2 | Received a gift from Okawaru
 40178 | Vaults:3 | Found a staircase to the Crypt.
 40530 | Vaults:3 | Reached XP level 21. HP: 197/215 MP: 27/27
 40813 | Vaults:3 | Received a gift from Okawaru
 40824 | Vaults:3 | Got a sheer robe {god gift}
 41089 | Vaults:1 | Learned a level 3 spell: Portal Projectile
 41760 | Vaults:4 | Noticed Bai Suzhen
 41783 | Vaults:4 | Killed Bai Suzhen
 41783 | Vaults:4 | Reached skill level 15 in Armour
 41972 | Vaults:4 | Reached skill level 1 in Translocations
 41984 | Vaults:4 | Reached skill level 1 in Spellcasting
 41991 | Vaults:4 | Reached skill level 1 in Hexes
 42269 | Vaults:4 | Received a gift from Okawaru
 42311 | Vaults:4 | Got a slimy hat {god gift}
 42313 | Vaults:4 | Identified the +0 hat of Veeguukhle {rCorr SInv} (Okawaru gifted it to you on level 4 of the Vaults)
 42419 | Vaults:4 | Reached skill level 15 in Fighting
 42798 | Crypt:1  | Entered Level 1 of the Crypt
 43862 | Crypt:2  | Reached XP level 22. HP: 222/227 MP: 28/28
 44003 | Crypt:2  | Got a sparkling emerald amulet
 44023 | Crypt:2  | Identified the amulet "Pufynluk" {Fragile +Rage Str+4} (You found it on level 2 of the Crypt)
 44138 | Crypt:2  | Received a gift from Okawaru
 44288 | Crypt:2  | Identified the Handbook of Sinister Secrets
 44791 | Crypt:3  | Entered Level 3 of the Crypt
 44832 | Crypt:3  | Received a gift from Okawaru
 44888 | Crypt:3  | Received a gift from Okawaru
 45110 | Crypt:3  | Received a gift from Okawaru
 45157 | Crypt:3  | Reached skill level 5 in Translocations
 45278 | Crypt:3  | Noticed Khufu
 45475 | Crypt:3  | Learned a level 5 spell: Borgnjor's Vile Clutch
 45637 | Crypt:3  | Got a vibrating granite ring
 45765 | Crypt:3  | Noticed Sojobo
 45771 | Crypt:3  | Noticed Jory
 45783 | Crypt:3  | Killed Sojobo
 45783 | Crypt:3  | Reached skill level 16 in Throwing
 45783 | Crypt:3  | Reached skill level 5 in Hexes
 45796 | Crypt:3  | Killed Jory
 45850 | Crypt:3  | Got a smoking pewter ring
 45850 | Crypt:3  | Got a glittering steel ring
 46032 | Crypt:3  | Noticed a greater mummy
 46040 | Crypt:3  | Noticed a greater mummy
 46202 | Crypt:3  | Killed Khufu
 46202 | Crypt:3  | Reached skill level 5 in Spellcasting
 46352 | Crypt:3  | Killed a greater mummy
 46352 | Crypt:3  | Received a gift from Okawaru
 46382 | Crypt:3  | Killed a greater mummy
 46382 | Crypt:3  | Received a gift from Okawaru
 46541 | Crypt:3  | Got a jewelled hat {god gift}
 46740 | Crypt:3  | Got a crude wooden ring
 46741 | Crypt:3  | Identified the Incunabulum of Orientation and Augmentations
 46746 | Crypt:3  | Identified the ring of Jeari {rN+ Dex+6 SInv} (You took it off a vampire knight on level 3 of the Crypt)
 46747 | Crypt:3  | Identified the ring "Fekudi" {MR+ Str+4 Int+5} (You took it off a tengu reaver on level 3 of the Crypt)
 46748 | Crypt:3  | Identified the ring "Laeck" {rN+ Str+4} (You took it off a tengu reaver on level 3 of the Crypt)
 46750 | Crypt:3  | Identified the ring "Notrunue" {rN+ Stlth+} (You found it on level 3 of the Crypt)
 46761 | Crypt:3  | Identified the +0 hat of Zibri {rF++} (Okawaru gifted it to you on level 3 of the Crypt)
 47176 | Crypt:3  | Found a staircase to the Tomb.
 47518 | Depths:1 | Entered Level 1 of the Depths
 47602 | Depths:1 | Found Oviaxto's Antique Armour Boutique.
 47614 | Depths:1 | Found Kava's Antique Weapon Shop.
 47618 | Depths:1 | Reached XP level 23. HP: 200/236 MP: 29/29
 47619 | Depths:1 | Found Zirel's General Store.
 47751 | Depths:1 | Noticed NeonDemon's ghost (adept TrCK)
 47831 | Depths:1 | Killed NeonDemon's ghost
 48203 | Depths:1 | Found a gateway to Hell.
 48759 | Depths:2 | Received a gift from Okawaru
 48992 | Depths:2 | Found a one-way gate to the infinite horrors of the Abyss.
 49079 | Depths:2 | Got ancient swamp dragon scales {god gift}
 49447 | Depths:2 | Paralysed by a rakshasa for 6 turns
 49498 | Depths:2 | Found a shimmering altar of Xom.
 49592 | Depths:2 | Noticed Mara
 49595 | Depths:2 | Noticed 8fpsbossfight's illusion
 49597 | Depths:2 | Killed Mara
 49597 | Depths:2 | Reached skill level 1 in Necromancy
 49597 | Depths:2 | Reached skill level 1 in Earth Magic
 49598 | Depths:2 | Found Uchomi's Antique Armour Emporium.
 49708 | Depths:2 | Found a snail-covered altar of Cheibriados.
 50165 | Depths:2 | Got a clouded glass ring
 50175 | Depths:2 | Identified the +8 swamp dragon scales of a bailey {rElec rPois Str+4} (Okawaru gifted it to you on level 2 of the Depths)
 50176 | Depths:2 | Identified the ring of Lod Viwexor {AC+2 Int+4} (You found it on level 2 of the Depths)
 50225 | Depths:3 | Received a gift from Okawaru
 50259 | Depths:3 | Found a flickering gateway to a bazaar.
 50265 | Bazaar   | Entered a bazaar
 50265 | Bazaar   | Found Vuicwoar's Antique Weapon Shop.
 50265 | Bazaar   | Found Mum Wee's Antique Armour Shop.
 50278 | Bazaar   | Found Celeusis's Distillery.
 50286 | Bazaar   | Bought a potion of berserk rage for 50 gold pieces
 50286 | Bazaar   | Bought a potion of curing for 30 gold pieces
 50286 | Bazaar   | Bought a potion of berserk rage for 50 gold pieces
 50286 | Bazaar   | Bought a potion of heal wounds for 50 gold pieces
 50286 | Bazaar   | Bought a potion of berserk rage for 50 gold pieces
 50286 | Bazaar   | Bought a potion of flight for 30 gold pieces
 50286 | Bazaar   | Bought 2 potions of might for 80 gold pieces
 50286 | Bazaar   | Bought a potion of heal wounds for 50 gold pieces
 50286 | Bazaar   | Bought a potion of agility for 40 gold pieces
 50286 | Bazaar   | Bought a potion of resistance for 100 gold pieces
 50379 | Depths:3 | Got a shimmering brass ring
 50380 | Depths:3 | Identified the ring of Ceciabag {rCorr rF++ rN++ MR+ Int-4} (You found it on level 3 of the Depths)
 50437 | Depths:3 | Reached XP level 24. HP: 151/248 MP: 24/29
 50992 | Depths:3 | Found a one-way gate leading to the halls of Pandemonium.
 51212 | Depths:3 | Reached skill level 5 in Earth Magic
 51466 | Depths:3 | Reached skill level 5 in Necromancy
 51893 | Depths:4 | Received a gift from Okawaru
 51918 | Depths:4 | Reached skill level 17 in Throwing
 51994 | Depths:4 | Received a gift from Okawaru
 52250 | Depths:4 | Received a gift from Okawaru
 52799 | Depths:5 | Entered Level 5 of the Depths
 52848 | Depths:5 | Found Isunaise's Distillery.
 53010 | Depths:5 | Bought a potion of resistance for 170 gold pieces
 53010 | Depths:5 | Bought a potion of mutation for 136 gold pieces
 53010 | Depths:5 | Bought 2 potions of invisibility for 272 gold pieces
 53010 | Depths:5 | Bought a potion of brilliance for 68 gold pieces
 53010 | Depths:5 | Bought a potion of brilliance for 68 gold pieces
 53010 | Depths:5 | Bought a potion of magic for 136 gold pieces
 53010 | Depths:5 | Bought a potion of resistance for 170 gold pieces
 53010 | Depths:5 | Bought a potion of curing for 51 gold pieces
 53010 | Depths:5 | Bought a potion of might for 68 gold pieces
 53010 | Depths:5 | Bought a potion of mutation for 136 gold pieces
 53010 | Depths:5 | Bought a potion of agility for 68 gold pieces
 53010 | Depths:5 | Bought a potion of haste for 170 gold pieces
 53140 | Depths:5 | Found a gate to the Realm of Zot.
 53159 | Depths:5 | Received a gift from Okawaru
 53216 | Depths:5 | Received a gift from Okawaru
 53260 | Depths:5 | Reached XP level 25. HP: 202/258 MP: 22/29
 53271 | Depths:5 | Reached skill level 10 in Shields
 53279 | Depths:5 | Received a gift from Okawaru
 53320 | Depths:5 | Noticed Boris
 53331 | Depths:5 | Received a gift from Okawaru
 53359 | Depths:5 | Killed Boris
 53359 | Depths:5 | Received a gift from Okawaru
 53383 | Depths:5 | Got a faintly humming robe {god gift}
 53664 | Depths:5 | Found Ellae's One-of-a-Kind Books.
 53682 | Depths:5 | Found a gateway to a ziggurat.
 54274 | Vaults:5 | Entered Level 5 of the Vaults
 54563 | Vaults:5 | Received a gift from Okawaru
 54589 | Vaults:5 | Noticed an ancient lich
 54607 | Vaults:5 | Killed an ancient lich
 54607 | Vaults:5 | Received a gift from Okawaru
 54610 | Vaults:5 | Received a gift from Okawaru
 54686 | Vaults:5 | Identified the Papyrus of Calling and the Blaze
 54807 | Vaults:5 | Identified the Volume of Excruciating Displacement
 54840 | Vaults:5 | Received a gift from Okawaru
 54871 | Vaults:5 | Noticed an ancient lich
 54884 | Vaults:5 | Received a gift from Okawaru
 54894 | Vaults:5 | Killed an ancient lich
 54894 | Vaults:5 | Reached XP level 26. HP: 159/267 MP: 19/29
 54927 | Vaults:5 | Reached skill level 15 in Shields
 55003 | Vaults:5 | Got steaming acid dragon scales {god gift}
 55246 | Vaults:5 | Got a crude emerald amulet
 55278 | Vaults:5 | Identified the +1 acid dragon scales of Impermeability {rC+ rCorr Dex+5 Slay-2} (Okawaru gifted it to you on level 5 of the Vaults)
 55279 | Vaults:5 | Identified the amulet of Loiprory {Gourm rElec rPois MR+ Str+3} (You took it off a tengu reaver on level 5 of the Vaults)
 55753 | Vaults:5 | Got a silver rune of Zot
 56291 | Zot:1    | Entered Level 1 of the Realm of Zot
 56414 | Zot:1    | Received a gift from Okawaru
 56683 | Zot:3    | You fall through a shaft!
 57221 | Zot:3    | Reached skill level 18 in Throwing
 57518 | Zot:4    | Reached skill level 10 in Earth Magic
 57546 | Zot:4    | Reached XP level 27. HP: 258/279 MP: 29/29
 57566 | Zot:5    | Entered Level 5 of the Realm of Zot
 57700 | Zot:5    | Noticed an ancient lich
 57703 | Zot:5    | Killed an ancient lich
 57703 | Zot:5    | Received a gift from Okawaru
 58078 | Zot:5    | Noticed an orb of fire
 58083 | Zot:5    | Gained mutation: Your body sometimes deteriorates upon taking damage. [an orb of fire]
 58089 | Zot:5    | Killed an orb of fire
 58117 | Zot:5    | Received a gift from Okawaru
 58167 | Zot:5    | Noticed an orb of fire
 58175 | Zot:5    | Gained mutation: Armour fits poorly on your strangely shaped body. [an orb of fire]
 58182 | Zot:5    | Killed an orb of fire
 58195 | Zot:5    | Received a gift from Okawaru
 58199 | Zot:5    | Noticed an ancient lich
 58222 | Zot:5    | Killed an ancient lich
 58222 | Zot:5    | Received a gift from Okawaru
 58240 | Zot:5    | Reached skill level 19 in Throwing
 58403 | Zot:5    | Noticed an orb of fire
 58405 | Zot:5    | Gained mutation: Scrolls take you a little longer to read. [an orb of fire]
 58407 | Zot:5    | Gained mutation: You are weak. (Str -2) [an orb of fire]
 58412 | Zot:5    | Killed an orb of fire
 58434 | Zot:5    | Lost mutation: Armour fits poorly on your strangely shaped body. [potion of mutation]
 58434 | Zot:5    | Lost mutation: Scrolls take you a little longer to read. [potion of mutation]
 58434 | Zot:5    | Gained mutation: You are robust. (+10% HP) [potion of mutation]
 58453 | Zot:5    | Received a gift from Okawaru
 58531 | Zot:5    | Noticed an orb of fire
 58531 | Zot:5    | Lost mutation: You are robust. (+10% HP) [an orb of fire]
 58540 | Zot:5    | Killed an orb of fire
 58592 | Zot:5    | Noticed an ancient lich
 58598 | Zot:5    | Killed an ancient lich
 58756 | Zot:5    | Got the Orb of Zot
 58916 | Zot:5    | Received a gift from Okawaru
 59000 | Zot:5    | Reached skill level 20 in Throwing
 59338 | D:13     | Noticed Cohoajio the pandemonium lord
 59613 | D:5      | Noticed Toelopn the pandemonium lord
 59759 | D:$      | Escaped with the Orb!

Skill      XL: |  1  2  3  4  5  6  7  8  9 10 11 12 13 14 15 16 17 18 19 20 21 22 23 24 25 26 27 |
---------------+----------------------------------------------------------------------------------+-----
Unarmed Combat | 1 2 3 4 5 7 8 10 11 12 14 15 16 17 18 19 | 19.8
Throwing       | 4 5 6 7 8 10 11 13 14 15 16 17 18 20 | 20.1
Fighting       | 2 3 4 5 6 7 8 9 10 11 12 13 14 15 16 17 18 | 18.2
Dodging        | 2 3 4 6 7 8 |  8.3
Shields        | 1 2 5 7 8 9 14 15 | 15.0
Armour         | 1 4 5 6 8 10 12 14 15 | 15.0
Invocations    | 2 4 8 10 | 10.0
Evocations     | 2 3 6 |  6.0
Translocations | 3 6 8 |  8.2
Spellcasting   | 3 5 |  5.0
Hexes          | 3 5 7 |  7.4
Necromancy     | 3 6 9 |  9.7
Earth Magic    | 3 7 10 | 10.5
Stealth        | |  0.3

Action                   |  1- 3 |  4- 6 |  7- 9 | 10-12 | 13-15 | 16-18 | 19-21 | 22-24 | 25-27 || total
-------------------------+-------+-------+-------+-------+-------+-------+-------+-------+-------++-------
Melee: Unarmed           |   109 |   165 |   262 |   669 |  1224 |  1296 |  1748 |  1637 |  1079 ||  8189
       Punch             |       |     2 |     1 |       |       |       |       |       |       ||     3
Throw: Large rock        |       |    13 |    35 |    76 |   111 |   119 |    51 |   283 |   251 ||   939
       Throwing net      |       |     1 |     1 |     2 |     1 |       |       |       |       ||     5
       Javelin           |       |       |       |     5 |     6 |     9 |       |       |       ||    20
 Cast: Portal Projectile |       |       |       |       |       |       |       |     9 |    10 ||    19
       Borgnjor's Vile C |       |       |       |       |       |       |       |       |     1 ||     1
Invok: Heroism           |       |       |     2 |    29 |    26 |    31 |    33 |    30 |    25 ||   176
       Finesse           |       |       |       |     1 |     7 |       |     4 |     5 |    12 ||    29
 Abil: Evoke Flight      |       |       |       |       |       |    21 |       |       |       ||    21
       Stop Flying       |       |       |       |       |       |     5 |       |       |       ||     5
Evoke: Box of beasts     |       |       |       |       |       |     3 |       |       |       ||     3
       Sack of spiders   |       |       |       |       |       |     3 |       |       |       ||     3
       Fan of gales      |       |       |       |       |       |     1 |       |       |       ||     1
       Lamp of fire      |       |       |       |       |       |     1 |       |       |       ||     1
       Wand              |       |       |       |       |       |       |       |     2 |       ||     2
  Use: Scroll            |       |     4 |     6 |     8 |    12 |    14 |     7 |    27 |    19 ||    97
       Potion            |       |       |     1 |     2 |     4 |     4 |     3 |     7 |    17 ||    38
 Stab: Sleeping          |     1 |     1 |       |     1 |       |       |       |       |       ||     3
       Held in net/web   |       |     1 |     1 |     1 |       |       |       |       |       ||     3
       Invisible         |       |       |     3 |     1 |       |     9 |       |       |     2 ||    15
       Petrified         |       |       |       |       |     3 |       |       |       |       ||     3
       Petrifying        |       |       |       |       |     2 |       |       |       |       ||     2
       Fleeing           |       |       |       |       |       |       |     1 |       |       ||     1
       Paralysed         |       |       |       |       |       |       |       |     1 |       ||     1
       Distracted        |       |       |       |       |       |       |       |       |     1 ||     1
       Confused          |       |       |       |       |       |       |       |       |     1 ||     1
  Eat: Chunk             |    15 |    19 |    32 |    63 |    96 |    94 |    86 |    69 |    36 ||   510
       Ration            |       |       |       |       |       |     2 |     1 |     7 |     5 ||    15
Armor: Robe              |    42 |    50 |    89 |   218 |    12 |       |       |       |       ||   411
       Storm dragon scal |       |       |       |       |   519 |   750 |   646 |   756 |   243 ||  2914
Dodge: Dodged            |    44 |    94 |    89 |   252 |   369 |   447 |   485 |   519 |   184 ||  2483
Block: Shield            |       |       |    50 |   333 |   645 |   812 |   794 |   833 |       ||  3467
       Large shield      |       |       |       |       |       |       |       |   231 |  1105 ||  1336
       Reflection        |       |       |       |       |       |       |       |     8 |    50 ||    58
